 Dungeon Crawl Stone Soup version 0.31-a0-865-g3d5d91748a (webtiles) character file.

Game seed: 3228443316839968180

277 Ekaitz the Gusty (level 6, 0/35 HPs)
             Began as a Tengu Air Elementalist on Oct 10, 2023.
             Was an Initiate of Vehumet.
             Killed from afar by an orc wizard (7 damage)
             ... with a magic dart
             ... on level 5 of the Dungeon.
             The game lasted 00:06:01 (3476 turns).

Ekaitz the Gusty (Tengu Air Elementalist)           Turns: 3476, Time: 00:06:02

Health: 0/35       AC:  2    Str: 14    XL:     6   Next: 25%
Magic:  3/11       EV: 13    Int: 18    God:    Vehumet [......]
Gold:   170        SH:  0    Dex: 14    Spells: 0/10 levels left

rFire   . . .        i - staff of poison
rCold   . . .        (no shield)
rNeg    . . .        a - +0 robe
rPois   +            (helmet restricted)
rElec   .            (no cloak)
rCorr   .            (no gloves)
SInv    .            (boots unavailable)
Will    +....        (no amulet)
Stlth   ++           h - ring of willpower
HPRegen 0.25/turn    q - +6 ring of strength
MPRegen 0.12/turn

%: acrobat
@: no status effects
A: beak, talons 3, acrobatic
a: Renounce Religion


You were on level 5 of the Dungeon.
You worshipped Vehumet.
Vehumet was noncommittal.
You visited 2 branches of the dungeon, and saw 7 of its levels.

You collected 170 gold pieces.

Inventory:

Hand Weapons
 o - a +2 dagger of freezing
Missiles
 r - 6 poisoned darts
Armour
 a - a +0 robe (worn)
Magical Staves
 i - a staff of poison (weapon)
Jewellery
 h - a ring of willpower (left hand)
 q - a +6 ring of strength (right hand)
Wands
 s - a wand of flame (12)
Scrolls
 d - a scroll of blinking {unknown}
 e - a scroll of noise {unknown}
 f - a scroll of immolation {unknown}
 g - a scroll of amnesia {unknown}
 j - 2 scrolls of identify {unknown}
 l - a scroll of teleportation {unknown}
 p - a scroll of vulnerability {unknown}
Potions
 b - a potion of magic
 c - 3 potions of curing {unknown}
 k - a potion of brilliance {unknown}
 m - a potion of heal wounds {unknown}
 n - 2 potions of attraction {unknown}


   Skills:
 * Level 1.6 Fighting
 * Level 3.0 Dodging
 + Level 2.1 Stealth
 + Level 2.7 Spellcasting
 * Level 4.1 Conjurations
 * Level 5.6 Air Magic
 * Level 0.7 Poison Magic
 * Level 1.7 Evocations


You couldn't memorise any spells.
You knew the following spells:

 Your Spells              Type           Power      Damage    Failure   Level
a - Shock                 Conj/Air       80%        1d8       2%          1
b - Static Discharge      Conj/Air       40%        2-4/arc   3%          2
c - Swiftness             Air            22%        N/A       4%          3
d - Airstrike             Air            11%        2d(2-18)  17%         4

Your spell library contained the following spells:

 Spells                   Type           Power      Damage    Failure   Level


Dungeon Overview and Level Annotations

Branches:
Dungeon (6/15)             Temple (1/1) D:4

Altars:
Ashenzari
Elyvilon
Gozag
Kikubaaqudgha
Makhleb
Nemelex Xobeh
Ru
Sif Muna
Uskayaw
Vehumet
Wu Jian
Xom
Zin
The Shining One

Annotations:
D:5 Menkaure


Innate Abilities, Weirdness & Mutations

You have a beak for a mouth.
You have claws for feet.
You can magically evade attacks while moving or waiting.


Message History

The orc priest is struck by an arc of lightning.
The orc priest is severely wounded.
The lightning grounds out.
The orc priest invokes the aid of Beogh against you.
Pain shoots through your body!
The orc wizard hits you with a +0 dagger.
The orc barely misses you.
Unknown command.
Casting: Static Discharge (safe; 3% risk of failure)
Confirm with . or Enter, or press ? or * to list all spells.
The orc is struck by an arc of lightning.
The orc is heavily wounded.
You are struck by an arc of lightning.
The orc is struck by an arc of lightning.
You kill the orc!
Vehumet accepts your kill.
The orc wizard is struck by an arc of lightning.
The orc wizard is lightly wounded.
The lightning grounds out.
The orc priest is struck by an arc of lightning.
You kill the orc priest!
Vehumet accepts your kill.
The orc is struck by an arc of lightning.
The orc is almost dead.
The orc wizard is struck by an arc of lightning.
The orc wizard is heavily wounded.
You are struck by an arc of lightning.
* * * LOW HITPOINT WARNING * * *
The lightning grounds out.
The orc is struck by an arc of lightning.
You kill the orc!
Vehumet accepts your kill.
The orc wizard is struck by an arc of lightning.
The orc wizard is severely wounded.
You are struck by an arc of lightning.
* * * LOW HITPOINT WARNING * * *
The lightning grounds out.
The orc wizard casts a spell at you. The magic dart hits you!
You die...

#############
##.....#.....##
##......)......##
#......@).......#
#......)o.......#
#...............#
#..>............#
#...............#
##...!...........
##.....#.....###
#############


You could see an orc wizard.

Vanquished Creatures
  A jelly (D:4)
  An orc priest (D:5)
  Terence (D:3)
  An iguana (D:6)
  7 gnolls (D:3)
  3 adders
  A white imp (D:3)
  2 dart slugs
  4 orcs (D:5)
  7 endoplasms
  4 goblins
  11 hobgoblins
  8 jackals
  11 kobolds
  3 quokkas
  4 ball pythons
  4 bats
  2 frilled lizards
  7 rats
82 creatures vanquished.

Notes
Turn   | Place    | Note
-------+----------+-------------------------------------------
     0 | D:1      | Ekaitz the Tengu Air Elementalist began the quest for the
                  | Orb.
     0 | D:1      | Reached XP level 1. HP: 10/10 MP: 4/4
   112 | D:1      | Reached XP level 2. HP: 16/16 MP: 0/6
   115 | D:1      | Learned a level 2 spell: Static Discharge
   853 | D:1      | Reached XP level 3. HP: 20/20 MP: 5/7
   857 | D:1      | Learned a level 3 spell: Swiftness
  1812 | D:2      | Reached XP level 4. HP: 24/24 MP: 1/8
  1910 | D:3      | Reached skill level 1 in Fighting
  2225 | D:3      | Reached skill level 5 in Air Magic
  2330 | D:3      | Found a sacrificial altar of Ru.
  2335 | D:3      | Reached XP level 5. HP: 29/29 MP: 4/9
  2575 | D:3      | Reached skill level 1 in Evocations
  2699 | D:3      | Noticed Terence
  2967 | D:3      | Killed Terence
  3120 | D:4      | Found a staircase to the Ecumenical Temple.
  3126 | Temple   | Entered the Ecumenical Temple
  3133 | Temple   | Became a worshipper of Vehumet
  3252 | D:4      | Reached XP level 6. HP: 23/34 MP: 0/11
  3257 | D:4      | Learned a level 4 spell: Airstrike
  3417 | D:4      | You fall into a shaft and drop 2 floors!
  3467 | D:6      | Noticed a hornet
  3469 | D:5      | Entered Level 5 of the Dungeon
  3469 | D:5      | Noticed Menkaure
  3476 | D:5      | Killed from afar by an orc wizard

Illustrated notes

Levels and vault maps discovered:
D:1:      minmay_arrival_shoal_huts, layout_loops_ring
D:2:      layout_basic, chequers_decorated_corner
D:3:      layout_basic, lemuel_tele_altar, grunt_ministairs_11,
          minmay_misc_feat_more_columns, nicolae_grassy_gnolls, uniq_terence
D:4:      cheibrodos_quashed, layout_gridville, mainiacjoe_overflow_alcove_1,
          temple_fountains
D:5:      nicolae_cairo_tiling_large, layout_rooms,
          nicolae_ossuary_entry_false_entrances, uniq_menkaure,
          uniq_crazy_yiuf_cottage, uniq_pikel, uniq_edmund
D:6:      layout_cave_pools, uniq_eustachio
Temple:   nicolae_temple_ecumenical_triangle

Skill      XL: |  1  2  3  4  5 |
---------------+----------------+-----
Conjurations   | 2 3 4 |  4.1
Fighting       | 1 |  1.6
Air Magic      | 5 |  5.6
Evocations     | 1 |  1.7
Dodging        | 3 |  3.0
Stealth        | |  2.1
Spellcasting   | |  2.7
Poison Magic   | |  0.7

Action                     |  1- 3 |  4- 6 || total
---------------------------+-------+-------++-------
  Melee: Unarmed           |     1 |       ||     1
         Staff             |       |     1 ||     1
   Cast: Shock             |    85 |    67 ||   152
         Static Discharge  |       |     7 ||     7
 Armour: Robe              |     6 |    12 ||    18
  Dodge: Dodged            |    12 |    18 ||    30

Table legend: (Time is in decaauts)
 A = Elapsed time spent in this place.
 B = Non-inter-level travel time spent in this place.
 C = Inter-level travel time spent in this place.
 D = Time resting spent in this place.
 E = Time spent auto-exploring this place.
 F = Levels seen in this place.
 G = Mean time per level.
                   A        B        C        D        E       F      G
               +--------+--------+--------+--------+--------+-----+--------+
         Total |   3474 |   3426 |     48 |    112 |   2831 |   7 |  496.3 |
       Dungeon |   3455 |   3407 |     48 |    112 |   2831 |   6 |  575.8 |
        Temple |     18 |     18 |      0 |      0 |      0 |   1 |   18.0 |
               +--------+--------+--------+--------+--------+-----+--------+

Top non-repeatable levels by time:
     D:3: 1126 daAuts
     D:1: 1056 daAuts
     D:2: 841 daAuts
     D:4: 372 daAuts
     D:6: 51 daAuts
  Temple: 18 daAuts
     D:5: 6 daAuts
